 Dungeon Crawl Stone Soup version 0.21.1-1-g345015fe64 (webtiles) character file.

57 Peloso the Shield-Bearer (level 3, -4/33 HPs)
             Began as a Minotaur Fighter on June 24, 2018.
             Killed from afar by an orc wizard (5 damage)
             ... with a magic dart
             ... on level 2 of the Dungeon.
             The game lasted 00:02:42 (988 turns).

Peloso the Shield-Bearer (Minotaur Fighter)          Turns: 988, Time: 00:02:42

Health: -4/33      AC: 10    Str: 20    XL:     3   Next: 73%
Magic:  2/2        EV:  7    Int:  5    God:
Gold:   60         SH:  9    Dex: 10    Spells: 2/2 levels left

rFire    x . .     SeeInvis .   a - +0 falchion (holy)
rCold    + . .     Gourm    .   c - +0 shield
rNeg     . . .     Faith    .   b - +0 scale mail
rPois    .         Spirit   .   (helmet restricted)
rElec    .         Reflect  .   o - +2 cloak
rCorr    .         Harm     .   (no gloves)
MR       .....                  (no boots)
Stlth    ..........             (no amulet)
HPRegen  0.11/turn              q - ring of ice
MPRegen  0.08/turn              (no ring)

@: no status effects
A: retaliatory headbutt, horns 2
a: no special abilities


You were on level 2 of the Dungeon.
You were hungry.

You visited 1 branch of the dungeon, and saw 2 of its levels.

You collected 60 gold pieces.

Inventory:

Hand Weapons
 a - a +0 falchion of holy wrath (weapon)
Missiles
 m - 23 bolts
Armour
 b - a +0 scale mail (worn)
 c - a +0 shield (worn)
 o - a +2 cloak (worn)
 s - a scarf of repulsion
Jewellery
 q - a ring of ice (left hand)
Scrolls
 e - a scroll of blinking {unknown}
 g - 4 scrolls of amnesia {unknown}
 h - 2 scrolls of remove curse {unknown}
 i - a scroll of teleportation {unknown}
 j - a scroll of fear {unknown}
 k - a scroll of immolation {unknown}
 l - a scroll of fog {unknown}
 n - a scroll of identify {unknown}
 p - a scroll of enchant weapon {unknown}
Potions
 d - a potion of might
Comestibles
 f - 2 rations
 r - a chunk of flesh


   Skills:
 + Level 4.3 Fighting
 + Level 3.0 Long Blades
 + Level 4.0 Armour
 + Level 0.2 Dodging
 + Level 4.5 Shields


You had 2 spell levels left.
You didn't know any spells.

Dungeon Overview and Level Annotations

Branches:
Dungeon (2/15)

Altars:
Ru


Innate Abilities, Weirdness & Mutations

You reflexively headbutt those who attack you in melee.
You have a pair of horns on your head.


Message History

The orc wizard hits you but does no damage. x2
The ooze hits you.
* * * LOW HITPOINT WARNING * * *
You bump into the rock wall.
The orc wizard barely misses you.
The orc wizard hits you but does no damage.
The orc wizard casts a spell at you. The magic dart hits you!
The ooze hits you but does no damage.
Unknown command.
You bump into the rock wall.
The orc wizard gestures wildly while chanting.
The orc wizard blinks!
The orc wizard casts a spell at you. The magic dart hits you!
The ooze hits you but does no damage.
You bump into the rock wall.
You feel less confused.
The orc wizard casts a spell.
The orc wizard blinks!
The orc wizard casts a spell at you. The magic dart hits you!
You die...

####### #######.....#
#.......#...# ##
#...o..§#.).# #..
###...####..###### #..
#oJ.....#.........
#...#@§.#...#..#......
#...###'#+###..#......
#.)J).#.....#####..#
#...#.#_#...# ##..#
#...#####...# #...#
#...# #.#†..# #.#..
#?... #.....## #.##.
..###+#'###..# #.##.
### #..#...#...#..#
#.##.


You could see 2 orc wizards and an ooze.

Vanquished Creatures
  A worm (D:2)
  2 dart slugs (D:1)
  3 orcs (D:2)
  A ball python (D:2)
  4 giant cockroaches
  5 hobgoblins
  4 jackals (D:1)
  5 kobolds (D:1)
  5 bats
  5 frilled lizards
  4 goblins
  5 rats
44 creatures vanquished.

Notes
Turn   | Place    | Note
-------+----------+-------------------------------------------
     0 | D:1      | Peloso the Minotaur Fighter began the quest for the Orb.
     0 | D:1      | Reached XP level 1. HP: 19/19 MP: 0/0
   132 | D:1      | Reached XP level 2. HP: 27/27 MP: 1/1
   379 | D:1      | Reached XP level 3. HP: 33/33 MP: 2/2
   897 | D:2      | Found a sacrificial altar of Ru.
   985 | D:2      | HP: 1/33 [ooze (4)]
   988 | D:2      | Killed from afar by an orc wizard

Skill      XL: |  1  2  3 |
---------------+----------+-----
Fighting       | 4 |  4.3
Armour         | 4 |  4.0
Shields        | 4 |  4.5
Long Blades    | 3 |  3.0
Dodging        | |  0.2

Action                   || total
-------------------------++-------
Melee: Long sword        ||    77
       Headbutt          ||    17
       Falchion          ||    39
Armor: Scale mail        ||    92
Dodge: Dodged            ||    44
Block: Shield            ||    80
       Rpst.: Long sword ||     9
       Falchion          ||     1
